 Dungeon Crawl Stone Soup version 0.25-a0-822-g6581751b11 (webtiles) character file.

Game seed: 5041343802372521402, levelgen mode: deterministic

2053 MisterFreud the Skirmisher (level 9, -3/73 HPs)
             Began as a Gnoll Abyssal Knight on Apr 19, 2020.
             Was a High Priest of Lugonu.
             Slain by an orc warrior
             ... wielding a +0 battleaxe
              (8 damage)
             ... on level 6 of the Dungeon on Apr 20, 2020.
             The game lasted 00:18:39 (4972 turns).

MisterFreud the Skirmisher (Gnoll Abyssal Knight)   Turns: 4972, Time: 00:18:40

Health: -3/73      AC: 23    Str: 18    XL:     9   Next: 25%
Magic:  24/24      EV:  6    Int: 19    God:    Lugonu [*****.]
Gold:   76         SH:  0    Dex: 17    Spells: 16/16 levels left

rFire    . . .     SeeInvis .   F - +1 rapier
rCold    . . .     Gourm    .   (no shield)
rNeg     . . .     Faith    .   H - +7 plate armour "Atuohetz" {MP+9 Dex+3}
rPois    .         Spirit   .   u - +0 helmet
rElec    .         Reflect  .   O - +2 cloak
rCorr    .         Harm     .   b - +0 pair of gloves
MR       +....                  (no boots)
Stlth    ..........             r - amulet of magic regeneration
HPRegen  0.22/turn              m - ring of protection from magic
MPRegen  0.44/turn              h - +4 ring of strength

@: very heavily drained
A: distributed training, fangs 1, strong nose
a: Depart the Abyss, Bend Space, Banish, Corrupt, Enter the Abyss, Renounce
Religion


You were on level 6 of the Dungeon.
You worshipped Lugonu.
Lugonu was extremely pleased with you.
You were not hungry.

You visited 2 branches of the dungeon, and saw 7 of its levels.
You visited the Abyss 1 time.
You also visited: Ossuary.

You collected 232 gold pieces.
You spent 156 gold pieces at shops.

Inventory:

Hand Weapons
 a - a +1 short sword
 o - a +1 whip of holy wrath
 F - a +1 rapier (weapon)
 G - a +1 vampiric whip
Missiles
 e - 226 stones
 g - 69 arrows
 n - 3 datura-tipped darts
 s - 35 sling bullets
 w - 16 poisoned darts (quivered)
 y - 3 atropa-tipped darts
Armour
 b - a +0 pair of gloves (worn)
 q - a +0 cloak
 u - a +0 helmet (worn)
 D - a +0 plate armour
 H - the +7 plate armour "Atuohetz" (worn) {MP+9 Dex+3}
   (You found it on level 5 of the Dungeon)

   It affects your dexterity (+3).
   It affects your magic capacity (+9).
 K - a +0 cloak
 O - a +2 cloak (worn)
Jewellery
 h - a +4 ring of strength (right hand)
 m - a ring of protection from magic (left hand)
 r - an amulet of magic regeneration (around neck)
 J - an uncursed ring of wizardry
 N - an uncursed ring of ice
Wands
 x - a wand of scattershot (6)
 L - a wand of disintegration (15)
Scrolls
 d - 3 scrolls of magic mapping
 f - 7 scrolls of identify
 j - a scroll of enchant armour {unknown}
 k - 4 scrolls of remove curse
 l - 4 scrolls of fear {unknown}
 t - 4 scrolls of teleportation {unknown}
 I - a scroll of amnesia {unknown}
 P - a scroll of acquirement {unknown}
Potions
 i - 4 potions of might
 p - a potion of heal wounds
 v - 5 potions of curing
 z - 2 potions of haste {unknown}
 A - 2 potions of ambrosia {unknown}
 B - 2 potions of lignification {unknown}
 E - a potion of invisibility {unknown}
Comestibles
 c - 9 rations
 C - 10 chunks of flesh


   Skills:
 + Level 7.7(4.3) Fighting
 + Level 6.1(2.9) Short Blades
 + Level 4.0(0.9) Long Blades
 + Level 4.0(0.9) Axes
 + Level 4.0(0.9) Maces & Flails
 + Level 4.0(0.9) Polearms
 + Level 4.0(0.9) Staves
 + Level 4.0(0.9) Slings
 + Level 4.0(0.9) Bows
 + Level 4.0(0.9) Crossbows
 + Level 4.0(0.9) Throwing
 + Level 6.1(2.9) Armour
 + Level 4.8(1.7) Dodging
 + Level 4.0(0.9) Stealth
 + Level 4.0(0.9) Shields
 + Level 4.0(0.9) Unarmed Combat
 + Level 4.0(0.9) Spellcasting
 + Level 3.2(0.3) Conjurations
 + Level 3.2(0.3) Hexes
 + Level 3.2(0.3) Charms
 + Level 3.2(0.3) Summonings
 + Level 3.2(0.3) Necromancy
 + Level 3.2(0.3) Translocations
 + Level 3.2(0.3) Transmutations
 + Level 3.2(0.3) Fire Magic
 + Level 3.2(0.3) Ice Magic
 + Level 3.2(0.3) Air Magic
 + Level 3.2(0.3) Earth Magic
 + Level 3.2(0.3) Poison Magic
 + Level 6.4(3.1) Invocations
 + Level 4.0(0.9) Evocations


You had 16 spell levels left.
You didn't know any spells.
Your spell library was empty.

Dungeon Overview and Level Annotations

Branches:
Dungeon (6/15)             Temple (1/1) D:4         Ossuary (visited)

Altars:
Ashenzari
Cheibriados
Elyvilon
Fedhas
Nemelex Xobeh
Okawaru
Yredelemnul
The Shining One

Shops:
D:4 !   D:5 ?%(


Innate Abilities, Weirdness & Mutations

Your experience applies equally to all skills.
You have very sharp teeth.
Your uncanny sense of smell can sniff out nearby items.


Message History

You barely miss the orc warrior.
The orc warrior is heavily wounded.
The orc warrior hits you with a +0 battleaxe!!
You closely miss the orc warrior.
The orc warrior is heavily wounded.
The orc warrior closely misses you.
You hit the orc warrior.
The orc warrior is heavily wounded.
The orc warrior hits you with a +0 battleaxe!!
* * * LOW HITPOINT WARNING * * *
You hit the orc warrior.
You bite the orc warrior, but do no damage.
The orc warrior is severely wounded.
The orc warrior barely misses you.
You hit the orc warrior.
The orc warrior is almost dead.
You hit the orc warrior. Your bite misses the orc warrior.
The orc warrior is almost dead.
The orc warrior hits you with a +0 battleaxe!
You die...

≈≈l.......#∆ ≈≈.s......#
###..s....# ..........# ∆
..######)#......
#######....#......# {{...
...........#......# l...
.......... #....o.# ...
......... #.###@.# ..
.......#+#######..#######
.......+................
.......#................
.......#=##..##..######.
......##'##+###..#
......÷..........#
......#..........#
<.....#..##.###..#


You could see an orc warrior.

Vanquished Creatures
  Pikel (D:5)
  2 sky beasts
  2 ogres
  An elf zombie (Ossuary)
  2 elf skeletons (D:5)
  A crimson imp (D:6)
  2 centaur zombies (Ossuary)
  5 human zombies (Ossuary)
  A bullfrog skeleton (D:4)
  2 hounds (D:4)
  An orc priest (D:4)
  2 human skeletons (D:5)
  A jelly (D:5)
  2 iguanas
  3 orc wizards
  3 worker ants (D:4)
  A big kobold zombie (Ossuary)
  5 hound zombies
  3 mummies (Ossuary)
  Robin (D:2)
  9 adders
  3 gnolls (D:4)
  2 oozes
  An adder skeleton (D:5)
  2 adder zombies (Ossuary)
  A worm (D:2)
  4 dart slugs
  8 leopard geckos
  7 orcs
  A ball python (D:3)
  5 giant cockroaches
  11 goblins
  11 hobgoblins
  21 jackals
  5 kobolds
  3 quokkas
  6 bats
  8 frilled lizards
  6 goblin zombies (Ossuary)
  3 hobgoblin zombies (Ossuary)
  A jackal skeleton (D:3)
  2 jackal zombies (Ossuary)
  2 kobold zombies (Ossuary)
  An orc skeleton (D:5)
  3 orc zombies
  A quokka zombie (Ossuary)
  5 rats
  5 rat zombies (Ossuary)
178 creatures vanquished.

Vanquished Creatures (others)
  A howler monkey zombie (D:5)
  An orc (D:5)
2 creatures vanquished.

Grand Total: 180 creatures vanquished

Notes
Turn   | Place    | Note
-------+----------+-------------------------------------------
     0 | Abyss:1  | MisterFreud the Gnoll Abyssal Knight began the quest for
                  | the Orb.
     0 | Abyss:1  | Reached XP level 1. HP: 23/23 MP: 3/3
    33 | Abyss:1  | Noticed a small abomination
    34 | D:1      | Escaped the Abyss
   121 | D:1      | Reached * piety under Lugonu
   161 | D:1      | Reached XP level 2. HP: 29/29 MP: 5/5
   466 | D:1      | Reached XP level 3. HP: 35/35 MP: 6/6
   852 | D:2      | Found a white marble altar of Elyvilon.
   920 | D:2      | Reached ** piety under Lugonu
   929 | D:2      | Found a blossoming altar of Fedhas.
   951 | D:2      | Reached skill level 1 in Long Blades
   951 | D:2      | Reached skill level 1 in Axes
   951 | D:2      | Reached skill level 1 in Maces & Flails
   951 | D:2      | Reached skill level 1 in Polearms
   951 | D:2      | Reached skill level 1 in Staves
   951 | D:2      | Reached skill level 1 in Slings
   951 | D:2      | Reached skill level 1 in Bows
   951 | D:2      | Reached skill level 1 in Crossbows
   951 | D:2      | Reached skill level 1 in Throwing
   951 | D:2      | Reached skill level 1 in Stealth
   951 | D:2      | Reached skill level 1 in Shields
   951 | D:2      | Reached skill level 1 in Unarmed Combat
   951 | D:2      | Reached skill level 1 in Spellcasting
   951 | D:2      | Reached skill level 1 in Evocations
   951 | D:2      | Reached XP level 4. HP: 26/41 MP: 7/7
  1446 | D:2      | Found a shattered altar of Ashenzari.
  1447 | D:2      | Found a sparkling altar of Nemelex Xobeh.
  1496 | D:2      | Noticed Robin
  1528 | D:2      | Killed Robin
  1528 | D:2      | Reached skill level 1 in Conjurations
  1528 | D:2      | Reached skill level 1 in Hexes
  1528 | D:2      | Reached skill level 1 in Charms
  1528 | D:2      | Reached skill level 1 in Summonings
  1528 | D:2      | Reached skill level 1 in Necromancy
  1528 | D:2      | Reached skill level 1 in Translocations
  1528 | D:2      | Reached skill level 1 in Transmutations
  1528 | D:2      | Reached skill level 1 in Fire Magic
  1528 | D:2      | Reached skill level 1 in Ice Magic
  1528 | D:2      | Reached skill level 1 in Air Magic
  1528 | D:2      | Reached skill level 1 in Earth Magic
  1528 | D:2      | Reached skill level 1 in Poison Magic
  1797 | D:3      | Reached XP level 5. HP: 43/47 MP: 8/8
  2135 | D:3      | Found a faded altar of an unknown god.
  2485 | D:4      | Reached *** piety under Lugonu
  2545 | D:4      | Found a snail-covered altar of Cheibriados.
  2592 | D:4      | Noticed an ogre
  2598 | D:4      | Killed an ogre
  2598 | D:4      | Reached skill level 5 in Invocations
  2598 | D:4      | Reached XP level 6. HP: 37/53 MP: 9/9
  2695 | D:4      | Found Esideu's Distillery.
  2712 | D:4      | Reached skill level 5 in Short Blades
  2712 | D:4      | Reached skill level 5 in Armour
  2723 | D:4      | Bought a potion of curing for 36 gold pieces
  2723 | D:4      | Bought a potion of might for 48 gold pieces
  2723 | D:4      | Bought a potion of curing for 36 gold pieces
  2723 | D:4      | Bought a potion of curing for 36 gold pieces
  2779 | D:4      | Noticed a sky beast
  2813 | D:4      | Killed a sky beast
  2813 | D:4      | Reached XP level 7. HP: 28/59 MP: 10/10
  3051 | D:4      | Reached skill level 7 in Fighting
  3134 | D:4      | Found a staircase to the Ecumenical Temple.
  3155 | D:4      | Got a fine whip
  3156 | D:4      | Identified the cursed +1 whip of Timuerif {venom, rPois MR-
                  | Stlth+} (You found it on level 4 of the Dungeon)
  3187 | D:4      | Found an iron altar of Okawaru.
  3378 | Temple   | Entered the Ecumenical Temple
  3390 | D:5      | Entered Level 5 of the Dungeon
  3390 | D:5      | Found Qeeli's Antique Weapon Shop.
  3500 | D:5      | Reached **** piety under Lugonu
  3509 | D:5      | Found a sand-covered staircase.
  3523 | Ossuary  | Entered an ossuary
  3767 | Ossuary  | Reached XP level 8. HP: 66/67 MP: 12/12
  4129 | D:5      | Found Meupsass's Magic Scroll Emporium.
  4147 | D:5      | Got a scorched plate armour
  4158 | D:5      | Identified the +7 plate armour "Atuohetz" {MP+9 Dex+3} (You
                  | found it on level 5 of the Dungeon)
  4424 | D:5      | Reached ***** piety under Lugonu
  4468 | D:5      | Noticed Pikel
  4469 | D:5      | Found a glowing golden altar of the Shining One.
  4512 | D:5      | Killed Pikel
  4512 | D:5      | Reached XP level 9. HP: 49/73 MP: 14/14
  4574 | D:5      | Upgraded the game from 0.25-a0-804-g50c693f418 to
                  | 0.25-a0-822-g6581751b11
  4650 | D:5      | Found a basalt altar of Yredelemnul.
  4696 | D:5      | Found Jorac's Food Emporium.
  4972 | D:6      | Slain by an orc warrior

Levels and vault maps discovered:
D:1:      lightli_iron_boxes, layout_basic, hangedman_decor_lopped
D:2:      layout_loops_ring, marbit_many_paths, overflow_temple_1_default,
          chequers_temple_overflow_statue_of_worship, first_ration, uniq_robin
D:3:      layout_loops_cross, chequers_ecumenical_altar_simple_redux,
          serial_bayou_lagoon_a
D:4:      layout_loops_ring, lemuel_crystal_altar, kennysheep_slug_shrine,
          temple_fountains, serial_shops, kennysheep_little_box
D:5:      layout_basic, lemuel_doored_altar, serial_shops, kennysheep_mini,
          shop, nicolae_shop_stone, nicolae_ossuary_entry_catacombs,
          minmay_ruined_shrine, uniq_pikel
D:6:      layout_gridville, serial_shops, shop, portal_sewer_entry_f
Temple:   minmay_temple_curvy_loop

Skill      XL: |  1  2  3  4  5  6  7  8  9 |
---------------+----------------------------+-----
Long Blades    | 1 2 3 4 |  4.0
Axes           | 1 2 3 4 |  4.0
Maces & Flails | 1 2 3 4 |  4.0
Polearms       | 1 2 3 4 |  4.0
Staves         | 1 2 3 4 |  4.0
Slings         | 1 2 3 4 |  4.0
Bows           | 1 2 3 4 |  4.0
Crossbows      | 1 2 3 4 |  4.0
Throwing       | 1 2 3 4 |  4.0
Stealth        | 1 2 3 4 |  4.0
Shields        | 1 2 3 4 |  4.0
Unarmed Combat | 1 2 3 4 |  4.0
Spellcasting   | 1 2 3 4 |  4.0
Evocations     | 1 2 3 4 |  4.0
Conjurations   | 1 2 3 |  3.2
Hexes          | 1 2 3 |  3.2
Charms         | 1 2 3 |  3.2
Summonings     | 1 2 3 |  3.2
Necromancy     | 1 2 3 |  3.2
Translocations | 1 2 3 |  3.2
Transmutations | 1 2 3 |  3.2
Fire Magic     | 1 2 3 |  3.2
Ice Magic      | 1 2 3 |  3.2
Air Magic      | 1 2 3 |  3.2
Earth Magic    | 1 2 3 |  3.2
Poison Magic   | 1 2 3 |  3.2
Dodging        | 3 4 |  4.8
Invocations    | 5 6 |  6.4
Short Blades   | 5 6 |  6.1
Armour         | 5 6 |  6.1
Fighting       | 7 |  7.7

Action                   |  1- 3 |  4- 6 |  7- 9 || total
-------------------------+-------+-------+-------++-------
Melee: Short sword       |    94 |   112 |       ||   206
       Bite              |    15 |    19 |    84 ||   118
       Punch             |     1 |     2 |     3 ||     6
       Rapier            |       |    92 |   575 ||   667
Throw: Dart              |       |       |     1 ||     1
Invok: Depart the Abyss  |     1 |       |       ||     1
  Use: Scroll            |       |       |     6 ||     6
 Stab: Sleeping          |       |     2 |       ||     2
       Distracted        |       |       |     1 ||     1
  Eat: Chunk             |       |     6 |     5 ||    11
       Ration            |       |       |     1 ||     1
Armor: Leather armour    |    20 |    22 |       ||    42
       Plate armour      |       |    62 |   390 ||   452
Dodge: Dodged            |    53 |    85 |   161 ||   299

Table legend:
 A = Non-vault XP
 B = Vault XP
 C = Vault XP percentage of total XP
 D = Non-vault monster count
 E = Vault monster count
 F = Vault count percentage of total count
                 A         B        C        D         E       F
            +---------+---------+-------+---------+---------+-------
      Total |    1257 |    1677 |  57.2 |     114 |      64 |  36.0
            +---------+---------+-------+---------+---------+-------
        D:1 |      55 |       0 |   0.0 |      26 |       0 |   0.0
        D:2 |      69 |      29 |  29.6 |      17 |       8 |  32.0
        D:3 |      40 |       0 |   0.0 |      17 |       0 |   0.0
        D:4 |     686 |       4 |   0.6 |      31 |       1 |   3.1
        D:5 |     216 |    1032 |  82.7 |      14 |      12 |  46.2
        D:6 |     191 |       9 |   4.5 |       9 |       4 |  30.8
    Ossuary |       0 |     603 | 100.0 |       0 |      39 | 100.0
            +---------+---------+-------+---------+---------+-------
